 Dungeon Crawl Stone Soup version 0.31-a0-177-g4aa6249778 (webtiles) character file.

Game seed: 2143633525584661032

1809 pokeman the Thaumaturge (level 8, -3/48 HPs)
             Began as a Deep Elf Hedge Wizard on June 18, 2023.
             Was an Initiate of Vehumet.
             Slain by a sleepcap (6 damage)
             ... on level 7 of the Dungeon.
             The game lasted 00:13:16 (7473 turns).

pokeman the Thaumaturge (Deep Elf Hedge Wizard)     Turns: 7473, Time: 00:13:17

Health: -3/48      AC:  4    Str:  7    XL:     8   Next: 84%
Magic:  2/24       EV: 13    Int: 22    God:    Vehumet [......]
Gold:   172        SH:  0    Dex: 14    Spells: 19/27 levels left

rFire   . . .        j - +5 woodcutter's axe
rCold   . . .        (shield currently unavailable)
rNeg    . . .        b - +0 robe
rPois   .            c - +0 hat
rElec   .            (no cloak)
rCorr   .            G - +0 pair of gloves
SInv    .            C - +0 pair of boots
Will    .....        (no amulet)
Stlth   ++           (no ring)
HPRegen 0.28/turn    (no ring)
MPRegen 0.19/turn

%: no passive effects
@: on blink cooldown
A: no striking features
a: Renounce Religion


You were on level 7 of the Dungeon.
You worshipped Vehumet.
Vehumet was noncommittal.
You visited 2 branches of the dungeon, and saw 8 of its levels.
You also visited: Ossuary.

You collected 375 gold pieces.
You spent 203 gold pieces at shops.

Inventory:

Hand Weapons
 j - the +5 woodcutter's axe (weapon)
   (You found it on level 2 of the Dungeon)
Missiles
 I - a curare-tipped dart
Armour
 b - a +0 robe (worn)
 c - a +0 hat (worn)
 C - a +0 pair of boots (worn)
 G - a +0 pair of gloves (worn)
Magical Staves
 r - a staff of conjuration
Wands
 q - a wand of digging (8)
 B - a wand of polymorph (11)
 F - a wand of paralysis (4)
Scrolls
 a - 3 scrolls of revelation {unknown}
 e - a scroll of amnesia {unknown}
 g - 3 scrolls of enchant armour {unknown}
 h - 3 scrolls of poison {unknown}
 i - 2 scrolls of fear {unknown}
 k - 8 scrolls of identify
 l - 3 scrolls of blinking
 m - a scroll of fog {unknown}
 n - a scroll of enchant weapon {unknown}
 o - 2 scrolls of vulnerability {unknown}
 p - 4 scrolls of teleportation
 y - a scroll of torment {unknown}
 E - a scroll of immolation {unknown}
 J - a scroll of silence {unknown}
Potions
 d - a potion of magic
 f - 5 potions of curing {unknown}
 s - 2 potions of heal wounds {unknown}
 t - 2 potions of mutation {unknown}
 u - 2 potions of degeneration {unknown}
 v - a potion of attraction {unknown}
 w - 2 potions of invisibility {unknown}
 z - 2 potions of enlightenment {unknown}
 A - a potion of haste {unknown}
 D - a potion of experience {unknown}
 H - a potion of brilliance {unknown}
Miscellaneous
 x - a phial of floods


   Skills:
 + Level 3.7 Fighting
 - Level 1.0 Armour
 - Level 3.0 Dodging
 - Level 3.0 Stealth
 * Level 10.4 Spellcasting
 + Level 5.5 Conjurations
 + Level 4.8 Summonings
 - Level 1.1 Translocations
 - Level 1.0 Air Magic
 - Level 1.1 Poison Magic


You had 19 spell levels left.
You knew the following spells:

 Your Spells              Type           Power      Damage    Failure   Level
a - Magic Dart            Conj           100%       1d8       1%          1
b - Mephitic Cloud        Conj/Pois/Air  22%        N/A       6%          3
c - Call Imp              Summ           64%        N/A       1%          2
d - Blink                 Tloc           32%        N/A       5%          2

Your spell library contained the following spells:

 Spells                   Type           Power      Damage    Failure   Level
 Slow                     Hex            44%        N/A       6%          1
 Cigotuvi's Dreadful Rot  Necr/Pois/Air  28%        N/A       6%          2
 Ensorcelled Hibernation  Hex/Ice        22%        N/A       9%          2
 Passwall                 Tmut/Erth      9%         N/A       9%          2
 Sublimation of Blood     Necr           11%        N/A       9%          2
 Wereblood                Tmut           11%        N/A       9%          2
 Swiftness                Air            16%        N/A       12%         3
 Manifold Assault         Tloc           16%        N/A       36%         4
 Storm Form               Tmut/Air       6%         N/A       100%        7
 Summon Hydra             Summ           16%        N/A       100%        7


Dungeon Overview and Level Annotations

Branches:
Dungeon (7/15)             Temple (1/1) D:4         Ossuary (visited)

Altars:
Elyvilon
Fedhas
Gozag
Kikubaaqudgha
Makhleb
Okawaru
Qazlal
Ru
Sif Muna
Uskayaw
Vehumet
Wu Jian
Yredelemnul
The Shining One

Shops:
D:3 ?   D:4 :   D:5 ?

Annotations:
D:6 Boulder beetle


Message History

Unknown command.
Casting: Mephitic Cloud (dangerous; 6% risk of failure)
Confirm with . or Enter, or press ? or * to list all spells.
Aiming: Magic Dart (safe; 1% risk of failure)
Press: ? - help, Shift-Dir - straight line, f/p - bullfrog
Aim: a bullfrog (confused, 100% to hit)
The magic dart hits the bullfrog!
The bullfrog is moderately wounded.
A kobold comes into view.
It is wielding a +2 short sword of speed.
Unknown command.
Casting: Magic Dart (safe; 1% risk of failure)
Confirm with . or Enter, or press ? or * to list all spells.
Aiming: Magic Dart (safe; 1% risk of failure)
Press: ? - help, Shift-Dir - straight line, f - kobold, p - bullfrog
Aim: a kobold, wielding a +2 short sword of speed (100% to hit)
The magic dart hits the kobold but does no damage.
Unknown command.
Casting: Magic Dart (safe; 1% risk of failure)
Confirm with . or Enter, or press ? or * to list all spells.
Aiming: Magic Dart (safe; 1% risk of failure)
Press: ? - help, Shift-Dir - straight line, f/p - kobold
Aim: a kobold, wielding a +2 short sword of speed (100% to hit)
The magic dart hits the kobold but does no damage.
The bullfrog closely misses you.
Unknown command.
Casting: Magic Dart (safe; 1% risk of failure)
Confirm with . or Enter, or press ? or * to list all spells.
Aiming: Magic Dart (safe; 1% risk of failure)
Press: ? - help, Shift-Dir - straight line, f/p - kobold
Aim: a kobold, wielding a +2 short sword of speed (100% to hit)
The magic dart hits the kobold.
The kobold is moderately wounded.
Unknown command.
Casting: Magic Dart (safe; 1% risk of failure)
Confirm with . or Enter, or press ? or * to list all spells.
You blink.
A sleepcap comes into view.
Unknown command.
The sleepcap attacks as you move away! The sleepcap releases spores at you.
You die...

########..########.####
#...........)..#
#..########.##.# #..#
#.##.# .. #.)#
###.##.###.... #..#
....##..)..# ##.#
##.#####.###....
#.####......)F.......
#...@f.K#####)###.###
#...........))#
#..####.####..# .....
... ...# ###. .####..#
#. .# #..# . .. .# ##
##. #.


You could see a sleepcap and a kobold.

Vanquished Creatures
  A wyvern (D:7)
  A sky beast (D:7)
  A black bear (D:4)
  2 ogres
  2 kobold brigands (D:7)
  A bullfrog (D:7)
  4 water moccasin zombies (Ossuary)
  A scorpion (D:4)
  2 howler monkeys (D:7)
  6 hounds
  A jelly (D:4)
  A gnoll bouda (D:7)
  4 iguanas
  3 mummies
  12 adders
  3 gnolls (D:7)
  2 shadow imps
  3 white imps
  2 ufetubi (D:5)
  5 adder zombies (Ossuary)
  6 dart slugs
  8 orcs
  5 ball pythons
  3 endoplasms
  5 giant cockroaches
  3 gnoll zombies (Ossuary)
  3 goblins
  4 hobgoblins
  2 jackals (D:1)
  19 kobolds
  3 quokkas
  4 bats
  2 frilled lizards
  A goblin zombie (D:5)
  7 hobgoblin zombies
  3 kobold zombies (Ossuary)
  3 orc zombies (Ossuary)
  5 rats
143 creatures vanquished.

Vanquished Creatures (collateral kills)
  A water moccasin zombie (Ossuary)
  2 hobgoblin zombies (Ossuary)
3 creatures vanquished.

Grand Total: 146 creatures vanquished

Notes
Turn   | Place    | Note
-------+----------+-------------------------------------------
     0 | D:1      | pokeman the Deep Elf Hedge Wizard began the quest for the
                  | Orb.
     0 | D:1      | Reached XP level 1. HP: 10/10 MP: 7/7
   402 | D:1      | Reached XP level 2. HP: 15/15 MP: 2/9
  1125 | D:1      | Reached skill level 5 in Spellcasting
  1433 | D:2      | Reached XP level 3. HP: 20/20 MP: 9/11
  1437 | D:2      | Learned a level 3 spell: Mephitic Cloud
  1440 | D:2      | Learned a level 2 spell: Call Imp
  1443 | D:2      | Learned a level 2 spell: Blink
  1578 | D:2      | Reached skill level 1 in Armour
  1743 | D:2      | Reached skill level 1 in Fighting
  1838 | D:2      | Found the +5 woodcutter's axe
  2415 | D:3      | Reached XP level 4. HP: 21/25 MP: 5/13
  2897 | D:3      | Found a blossoming altar of Fedhas.
  3040 | D:3      | Found Kiem's Magic Scroll Emporium.
  3043 | D:3      | Bought a scroll of identify for 28 gold pieces
  3043 | D:3      | Bought a scroll of identify for 28 gold pieces
  3043 | D:3      | Bought a scroll of teleportation for 42 gold pieces
  3314 | D:4      | Noticed an ogre
  3325 | D:4      | Killed an ogre
  3326 | D:4      | Reached skill level 6 in Spellcasting
  3326 | D:4      | Reached skill level 1 in Air Magic
  3326 | D:4      | Reached skill level 1 in Poison Magic
  3326 | D:4      | Reached XP level 5. HP: 29/29 MP: 6/15
  3661 | D:4      | Noticed a black bear
  3677 | D:4      | Killed a black bear
  3678 | D:4      | Reached XP level 6. HP: 17/34 MP: 9/17
  3770 | D:4      | Reached skill level 7 in Spellcasting
  4388 | D:4      | Found Inif's Book Boutique.
  4559 | D:4      | Found a staircase to the Ecumenical Temple.
  4564 | Temple   | Entered the Ecumenical Temple
  4640 | D:5      | Entered Level 5 of the Dungeon
  4675 | D:5      | Found a sand-covered staircase.
  4682 | Ossuary  | Entered an ossuary
  4732 | Ossuary  | Reached XP level 7. HP: 29/39 MP: 17/20
  4964 | Ossuary  | Reached skill level 8 in Spellcasting
  5770 | D:5      | Found Pierch's Magic Scroll Shop.
  5785 | D:5      | Reached XP level 8. HP: 45/45 MP: 11/22
  5848 | D:5      | Bought a scroll of blinking for 105 gold pieces
  5950 | D:6      | Noticed a boulder beetle
  6199 | D:6      | Found a white marble altar of Elyvilon.
  6258 | D:6      | Reached skill level 9 in Spellcasting
  6805 | D:6      | Found a basalt altar of Yredelemnul.
  7139 | D:7      | Reached skill level 5 in Conjurations
  7179 | D:7      | Reached skill level 10 in Spellcasting
  7305 | D:7      | Found a radiant altar of Vehumet.
  7328 | D:7      | Became a worshipper of Vehumet
  7464 | D:7      | HP: 1/48 [kobold brigand/+0 whip (3)]
  7473 | D:7      | Slain by a sleepcap

Illustrated notes

Levels and vault maps discovered:
D:1:      ldierk_walled_garden_2, layout_loops_ring
D:2:      layout_loops_ring, kennysheep_generic_room_8
D:3:      layout_rooms, fedhas_altar_4, serial_shops, nicolae_shop_rolled_up,
          minmay_three_crescents
D:4:      minmay_skewed_foursquare, layout_basic,
          minmay_temple_entry_nine_rooms, serial_shops, nicolae_lakefront_shop
D:5:      layout_cave_pools, nicolae_ossuary_entry_giza, serial_shops,
          kennysheep_little_box, minivault_23, st_stairs_6
D:6:      layout_gridville, kennysheep_ying_yang, lightli_minifort
D:7:      layout_loops_ring, mainiacjoe_overflow_alcove_4,
          mainiacjoe_overflow_six_doors_small, small_statue_alley_b
Temple:   hellmonk_temple_rainy

Skill      XL: |  1  2  3  4  5  6  7  8 |
---------------+-------------------------+-----
Spellcasting   | 5 6 7 8 10 | 10.4
Armour         | 1 |  1.0
Fighting       | 1 2 3 |  3.7
Conjurations   | 2 3 4 5 |  5.5
Dodging        | 3 |  3.0
Stealth        | 3 |  3.0
Air Magic      | 1 |  1.0
Poison Magic   | 1 |  1.1
Summonings     | 2 3 4 |  4.8
Translocations | |  1.1

Action                     |  1- 3 |  4- 6 |  7- 9 || total
---------------------------+-------+-------+-------++-------
  Melee: Battleaxe         |     1 |    21 |    95 ||   117
   Cast: Magic Dart        |   116 |   119 |   153 ||   388
         Mephitic Cloud    |       |     3 |    12 ||    15
         Blink             |       |       |     2 ||     2
         Call Imp          |       |       |     1 ||     1
   Stab: Confused          |       |     2 |     6 ||     8
 Armour: Robe              |     3 |     4 |    14 ||    21
  Dodge: Dodged            |    12 |    26 |    73 ||   111

Table legend: (Time is in decaauts)
 A = Elapsed time spent in this place.
 B = Non-inter-level travel time spent in this place.
 C = Inter-level travel time spent in this place.
 D = Time resting spent in this place.
 E = Time spent auto-exploring this place.
 F = Levels seen in this place.
 G = Mean time per level.
                   A        B        C        D        E       F      G
               +--------+--------+--------+--------+--------+-----+--------+
         Total |   7475 |   7230 |    245 |     37 |   6153 |   9 |  830.6 |
       Dungeon |   6894 |   6649 |    245 |     37 |   5752 |   7 |  984.9 |
        Temple |     19 |     19 |      0 |      0 |      1 |   1 |   19.0 |
       Ossuary |    561 |    561 |      0 |      0 |    400 |   1 |  561.0 |
               +--------+--------+--------+--------+--------+-----+--------+

Top non-repeatable levels by time:
     D:4: 1411 daAuts
     D:1: 1240 daAuts
     D:2: 1167 daAuts
     D:6: 1043 daAuts
     D:3: 800 daAuts
     D:5: 784 daAuts
 Ossuary: 561 daAuts
     D:7: 446 daAuts
  Temple: 19 daAuts
